 Dungeon Crawl Stone Soup version 0.25-a0-308-geac79542e2 (webtiles) character file.

Game seed: 6023244186803260126, levelgen mode: deterministic

72 Glalom the Grave Robber (level 4, -4/30 HPs)
             Began as a Vampire Necromancer on Dec 21, 2019.
             Killed from afar by Natasha (9 damage)
             ... with a magic dart
             ... on level 2 of the Dungeon.
             The game lasted 00:02:59 (1363 turns).

Glalom the Grave Robber (Vampire Necromancer)       Turns: 1363, Time: 00:03:00

Health: -4/30      AC:  2    Str:  7    XL:     4   Next: 7%
Magic:  6/7        EV: 12    Int: 18    God:
Gold:   49         SH:  0    Dex: 14    Spells: 3/7 levels left

rFire    . . .     SeeInvis +   d - +0 dagger
rCold    . . .     Gourm    .   (no shield)
rNeg     . . .     Faith    .   a - +0 robe
rPois    .         Spirit   .   (no helmet)
rElec    .         Reflect  .   (no cloak)
rCorr    .         Harm     .   (no gloves)
MR       .....                  (no boots)
Stlth    ++........             (no amulet)
HPRegen  0.30/turn              (no ring)
MPRegen  0.10/turn              (no ring)

@: regenerating quickly, slowed, very slow
A: no food, fangs 3, see invisible, unbreathing
a: Exsanguinate


You were on level 2 of the Dungeon.
You were alive.

You visited 1 branch of the dungeon, and saw 2 of its levels.

You collected 49 gold pieces.

Inventory:

Hand Weapons
 c - a +0 hand axe
 d - a +0 dagger (weapon)
Armour
 a - a +0 robe (worn)
Wands
 h - a wand of clouds (3)
Scrolls
 e - a scroll of magic mapping {unknown}
Potions
 b - a potion of might {unknown}
 f - a potion of degeneration {unknown}
 g - a potion of curing {unknown}


   Skills:
 - Level 2.1 Dodging
 - Level 3.0 Stealth
 - Level 2.0 Spellcasting
 + Level 6.2 Necromancy


You had 3 spell levels left.
You knew the following spells:

 Your Spells              Type           Power        Failure   Level  Hunger
a - Pain                  Necr           ###.         1%          1    N/A
b - Vampiric Draining     Necr           ###.......   4%          3    N/A

Your spell library contained the following spells:

 Spells                   Type           Power        Failure   Level  Hunger
 Animate Skeleton         Necr           N/A          1%          1    N/A
 Regeneration             Chrm/Necr      ##........   16%         3    N/A
 Animate Dead             Necr           N/A          14%         4    N/A

Dungeon Overview and Level Annotations

Branches:
Dungeon (2/15)

Altars:

Annotations:
D:2 Natasha, Robin


Innate Abilities, Weirdness & Mutations

You do not eat.
Your natural rate of healing is unusually fast.
You have razor-sharp teeth.
You have supernaturally acute eyesight. (SInv)
You can survive without breathing.


Message History

Robin throws the goblin at you!
* * * LOW HITPOINT WARNING * * *
The goblin closely misses you.
You see here a scale mail.
You open the door. The goblin misses you.
Natasha, Servant of Life and Death comes into view.
There is an open door here.
Natasha closely misses you. Natasha claws you.
There is a stone staircase leading up here.
Natasha casts a spell at you.
You feel yourself slow down. The goblin hits you with a +0 club.
* * * LOW HITPOINT WARNING * * *
Natasha misses you.
The goblin shoots a stone.
The stone hits you.
* * * LOW HITPOINT WARNING * * *
Natasha casts a spell at you. The magic dart hits you!
You die...

#....##.# ##.###.#####.#.##
#.#.###.# #.# #......###.#
#.#.###.# #.# #######.#.##
#.......# ##'## ##.##
####.##### ##...## #.#
.......## ##.....## ##.#
.###....###.......######..#####
.##.....##.........##.........#
.........'..<.gg@..+..........#
.##....###.....h...##.#...###.#
.###.#.# ##.......###.##..# #.#
.......# ##.....## #.###.# #.#
##...#.# ##...#####.###.# #.#
#.....# ##.........##.###.#
#...### #.######.........#
##.## #.# ##.##.#####
###.##########.##### #.##.#


You could see Natasha and 2 goblins.

Vanquished Creatures
  Natasha (twice) (D:2)
  A dart slug (D:1)
  A bat (D:1)
  6 goblins
  3 hobgoblins
  A ball python (D:1)
  2 frilled lizards
  5 kobolds (D:1)
  3 rats
24 creatures vanquished.

Notes
Turn   | Place    | Note
-------+----------+-------------------------------------------
     0 | D:1      | Glalom the Vampire Necromancer began the quest for the Orb.
     0 | D:1      | Reached XP level 1. HP: 13/13 MP: 3/3
   458 | D:1      | Reached XP level 2. HP: 13/19 MP: 0/5
   569 | D:1      | Reached skill level 5 in Necromancy
  1117 | D:2      | Noticed Natasha
  1123 | D:2      | Killed Natasha
  1123 | D:2      | Reached XP level 3. HP: 23/24 MP: 2/6
  1128 | D:2      | Learned a level 3 spell: Vampiric Draining
  1204 | D:2      | Noticed Natasha
  1218 | D:2      | Killed Natasha
  1218 | D:2      | Reached skill level 6 in Necromancy
  1291 | D:2      | Reached XP level 4. HP: 27/30 MP: 1/7
  1300 | D:2      | Noticed Robin
  1355 | D:2      | Noticed Natasha
  1363 | D:2      | Killed from afar by Natasha

Levels and vault maps discovered:
D:1:      dpeg_arrival_central, layout_basic, serial_forest,
          infiniplex_forest_clump_curved, infiniplex_forest_split,
          infiniplex_forest_lined_3, infiniplex_forest_zigzag_2,
          infiniplex_forest_clump_tiny, infiniplex_forest_end_2,
          infiniplex_forest_clump_diagonal, infiniplex_forest_clump_curved,
          infiniplex_forest_end_1
D:2:      layout_loops_corners, uniq_robin, uniq_natasha

Skill      XL: |  1  2  3 |
---------------+----------+-----
Necromancy     | 5 6 |  6.2
Dodging        | |  2.1
Stealth        | |  3.0
Spellcasting   | |  2.0

Action                   |  1- 3 |  4- 6 || total
-------------------------+-------+-------++-------
Melee: Hand axe          |     4 |       ||     4
       Dagger            |     1 |    12 ||    13
 Cast: Pain              |    38 |     3 ||    41
Armor: Robe              |     1 |     3 ||     4
Dodge: Dodged            |     7 |    15 ||    22

Table legend:
 A = Non-vault XP
 B = Vault XP
 C = Vault XP percentage of total XP
 D = Non-vault monster count
 E = Vault monster count
 F = Vault count percentage of total count
                 A         B        C        D         E       F
            +---------+---------+-------+---------+---------+-------
      Total |      59 |      45 |  43.3 |      18 |       6 |  25.0
            +---------+---------+-------+---------+---------+-------
        D:1 |      21 |       0 |   0.0 |      14 |       0 |   0.0
        D:2 |      38 |      45 |  54.2 |       4 |       6 |  60.0
            +---------+---------+-------+---------+---------+-------
